 Dungeon Crawl Stone Soup version 0.20.0-15-g7f486f2 (webtiles) character file.

6072 pib the Grappler (level 10, -6/104 HPs)
             Began as a Troll Berserker on June 9, 2017.
             Was an Elder of Trog.
             Mangled by Grum
             ... wielding a +1 spear
              (7 damage)
             ... on level 8 of the Dungeon.
             The game lasted 00:19:06 (6153 turns).

pib the Grappler (Troll Berserker)                  Turns: 6153, Time: 00:19:07

Health: -6/104     AC:  6    Str: 27    XL:     10   Next: 57%
Magic:  9/9        EV: 13    Int:  5    God:    Trog [****..]
Gold:   405        SH:  4    Dex: 10    Spells: 9/9 levels left

rFire    + . .     SeeInvis .     - Unarmed
rCold    . . .     Gourm    +   (no shield)
rNeg     + . .     Faith    .   a - +0 animal skin
rPois    .         Spirit   .   (helmet restricted)
rElec    .         Reflect  +   J - +0 cloak
rCorr    .         Harm     .   (gloves unavailable)
MR       ++...                  (boots unavailable)
Stlth    +.........             w - +4 amulet of reflection
Regen    1.7/turn               B - ring of positive energy
MPRegen  0.2/turn               A - ring of protection from fire

@: berserk cooldown, regenerating, slowed, very slow
A: unfitting armour, claws 3, fast metabolism 3, gourmand, regeneration 1,
shaggy fur 1, tough skin 2
a: Berserk, Trog's Hand, Brothers in Arms, Burn Spellbooks, Renounce Religion


You were on level 8 of the Dungeon.
You worshipped Trog.
Trog was greatly pleased with you.
You were very full.

You visited 1 branch of the dungeon, and saw 8 of its levels.

You collected 495 gold pieces.
You spent 90 gold pieces at shops.

Inventory:

Hand Weapons
 p - a +0 blowgun
Missiles
 d - 4 curare-tipped needles
 M - 35 sling bullets
Armour
 a - a +0 animal skin (worn)
 J - a +0 cloak (worn)
Jewellery
 t - an uncursed ring of protection from cold
 w - a +4 amulet of reflection (around neck)
 A - a ring of protection from fire (right claw)
 B - a ring of positive energy (left claw)
 H - an uncursed ring of fire
Wands
 o - a wand of polymorph (13/24)
 C - a wand of iceblast (6/15)
 D - a wand of polymorph (3/24)
 I - a wand of digging (14/24)
 K - a wand of acid (10/15)
Scrolls
 e - 2 scrolls of random uselessness {unknown}
 f - 3 scrolls of amnesia {unknown}
 h - 4 scrolls of teleportation
 i - 5 scrolls of fog {unknown}
 j - 2 scrolls of blinking {unknown}
 k - a scroll of remove curse
 m - 4 scrolls of identify
 v - 2 scrolls of enchant armour {unknown}
 y - a scroll of silence {unknown}
 z - 2 scrolls of magic mapping {unknown}
 G - a scroll of enchant weapon {unknown}
Potions
 g - 2 potions of might {unknown}
 l - a potion of magic {unknown}
 n - a potion of brilliance {unknown}
 s - 2 potions of berserk rage
 u - a potion of curing
 x - a potion of degeneration {unknown}
 E - a potion of flight {unknown}
 F - a potion of lignification {unknown}
Comestibles
 b - 3 bread rations
 c - 4 fruits
 q - 5 royal jellies
 r - a meat ration
 L - 5 chunks of flesh


   Skills:
 + Level 8.3 Fighting
 + Level 8.1 Dodging
 + Level 9.8 Unarmed Combat


You had 9 spell levels left.
You didn't know any spells.

Dungeon Overview and Level Annotations

Branches:
Dungeon (8/15)             Temple (0/1) D:7
   Lair: D:8-11

Altars:
Dithmenos
Elyvilon
Fedhas
Nemelex Xobeh
Okawaru
Ru
Trog
Zin
The Shining One

Shops:
D:5 %   D:8 [

Annotations:
D:8 Grum


Innate Abilities, Weirdness & Mutations

You are too large for most types of armour.
You have claws for hands.
Your metabolism is lightning-fast.
You like to eat raw meat.
Your natural rate of healing is unusually fast.
You are covered in fur. (AC +1)
You have very tough skin. (AC +2)


Message History

You fail to use your ability.
The worker ant barely misses you.
Grum hits you from afar with an enchanted spear.
* * * LOW HITPOINT WARNING * * *
The worker ant closely misses you.
Your skin crawls.
You feel resistant to hostile enchantments.
You feel somewhat less full.
Grum hits you from afar with an enchanted spear!
* * * LOW HITPOINT WARNING * * *
The worker ant bites you but does no damage.
Grum hits you from afar with an enchanted spear!
* * * LOW HITPOINT WARNING * * *
The worker ant bites you.
* * * LOW HITPOINT WARNING * * *
It was a potion of berserk rage.
You're still recovering from your berserk rage.
The worker ant bites you.
* * * LOW HITPOINT WARNING * * *
Grum hits you from afar with an enchanted spear!
You die...

..###..#.....PP#.#
..###..#...PPPP#.#
...#.......PPPP#.#
...#.......PPPP#.#
<..# .....PPP.P#.#
# ...# P #.# .##
...# #.# .... ...#
#.# ..... ...#
#@##h..... ...#
#a[ghh...# ...#
########.######.#
...Yo....#
.......[.'.....
.....a...#.....
.⌠.⌠....<#.....
.._.....∩# ....
#⌠.⌠###..# .##.


You could see Grum, 2 wolves and a worker ant.

Vanquished Creatures
  A two-headed ogre (D:8)
  Pikel (D:5)
  Psyche (D:8)
  Joseph (D:8)
  A komodo dragon (D:8)
  Prince Ribbit (D:8)
  A wraith (D:7)
  4 yaks (D:8)
  Menkaure (D:6)
  Edmund (D:6)
  Duvessa (D:6)
  4 orc warriors
  4 slaves (D:5)
  2 ogres
  A wolf (D:8)
  2 phantoms (D:5)
  An ice beast (D:8)
  6 centaurs
  Blork the orc (D:4)
  A big kobold (D:7)
  A bullfrog (D:6)
  The ghost of herpmino the Stinger, an amateur VSVM (D:4)
  Dowan (D:6)
  A scorpion (D:7)
  4 howler monkeys
  A hound (D:4)
  3 jellies
  Crazy Yiuf (D:5)
  A gnoll shaman (D:5)
  2 orc priests
  2 iguanas
  Terence (D:2)
  9 orc wizards
  5 worker ants
  A howler monkey zombie (D:6)
  8 gnolls
  A howler monkey skeleton (D:8)
  12 adders
  2 adder skeletons
  3 adder zombies (D:5)
  A worm (D:3)
  2 leopard geckos
  22 orcs
  4 bats
  2 giant cockroaches
  6 goblins
  7 hobgoblins
  8 jackals
  15 kobolds
  3 quokkas
  A ball python (D:4)
  9 frilled lizards
  2 leopard gecko skeletons
  A leopard gecko zombie (D:5)
  A quokka zombie (D:5)
  7 rats
187 creatures vanquished.

Vanquished Creatures (others)
  3 fungi (D:6)
  5 plants (D:8)
8 creatures vanquished.

Grand Total: 195 creatures vanquished

Notes
Turn   | Place    | Note
-------+----------+-------------------------------------------
     0 | D:1      | pib the Troll Berserker began the quest for the Orb.
     0 | D:1      | Reached XP level 1. HP: 22/22 MP: 0/0
   124 | D:1      | Reached XP level 2. HP: 29/29 MP: 1/1
   580 | D:2      | Noticed Terence
   590 | D:2      | Killed Terence
   590 | D:2      | Reached XP level 3. HP: 37/37 MP: 2/2
   650 | D:2      | Reached ** piety under Trog
   760 | D:2      | Reached XP level 4. HP: 43/45 MP: 3/3
  1101 | D:3      | Reached skill level 4 in Unarmed Combat
  1506 | D:3      | Reached XP level 5. HP: 52/53 MP: 4/4
  1574 | D:3      | Found a sacrificial altar of Ru.
  2256 | D:4      | Noticed an ogre
  2264 | D:4      | Killed an ogre
  2264 | D:4      | Reached XP level 6. HP: 43/62 MP: 5/5
  2357 | D:4      | Noticed Blork the orc
  2363 | D:4      | Killed Blork the orc
  2410 | D:4      | Reached skill level 5 in Unarmed Combat
  2462 | D:4      | Found a glowing golden altar of the Shining One.
  2539 | D:4      | Noticed herpmino's ghost (amateur VSVM)
  2548 | D:4      | Killed herpmino's ghost
  2684 | D:4      | Reached XP level 7. HP: 70/70 MP: 6/6
  2875 | D:4      | Reached *** piety under Trog
  2987 | D:5      | Entered Level 5 of the Dungeon
  3402 | D:5      | Reached skill level 6 in Unarmed Combat
  3445 | D:5      | Reached skill level 5 in Fighting
  3475 | D:5      | Noticed Pikel
  3493 | D:5      | Killed Pikel
  3493 | D:5      | Reached skill level 5 in Dodging
  3493 | D:5      | Reached XP level 8. HP: 73/81 MP: 7/7
  3585 | D:5      | Reached skill level 7 in Unarmed Combat
  3863 | D:5      | Found Boercha's Food Emporium.
  4034 | D:5      | Found a runed door.
  4038 | D:5      | Noticed Crazy Yiuf
  4043 | D:5      | Paralysed by Crazy Yiuf for 7 turns
  4051 | D:5      | Killed Crazy Yiuf
  4121 | D:6      | Found a blossoming altar of Fedhas.
  4121 | D:6      | Noticed Duvessa
  4122 | D:6      | Noticed Dowan
  4127 | D:6      | Killed Duvessa
  4149 | D:6      | Killed Dowan
  4277 | D:6      | Reached XP level 9. HP: 73/89 MP: 8/8
  4320 | D:6      | Found an iron altar of Okawaru.
  4320 | D:6      | Noticed Edmund
  4327 | D:6      | Killed Edmund
  4557 | D:6      | Noticed Menkaure
  4562 | D:6      | Killed Menkaure
  4628 | D:6      | Reached **** piety under Trog
  4640 | D:6      | Found a white marble altar of Elyvilon.
  4687 | D:6      | Reached skill level 8 in Unarmed Combat
  5156 | D:7      | Found a staircase to the Ecumenical Temple.
  5648 | D:8      | Found Zin's Purification Station.
  5648 | D:8      | Found a glowing silver altar of Zin.
  5666 | D:8      | Bought a potion of curing for 90 gold pieces
  5672 | D:8      | Noticed Joseph
  5690 | D:8      | Killed Joseph
  5743 | D:8      | Found an iron altar of Okawaru.
  5788 | D:8      | Noticed Psyche
  5797 | D:8      | Killed Psyche
  5841 | D:8      | Reached skill level 9 in Unarmed Combat
  5841 | D:8      | Reached XP level 10. HP: 78/102 MP: 9/9
  5922 | D:8      | Noticed a two-headed ogre
  5928 | D:8      | Killed a two-headed ogre
  5929 | D:8      | Noticed Prince Ribbit
  5942 | D:8      | Killed Prince Ribbit
  5979 | D:8      | Found a shadowy altar of Dithmenos.
  5981 | D:8      | Found a bloodstained altar of Trog.
  6096 | D:8      | Found Fuhin's Armour Emporium.
  6098 | D:8      | Found a sparkling altar of Nemelex Xobeh.
  6135 | D:8      | Noticed Grum
  6152 | D:8      | HP: 4/104 [worker ant (4)]
  6153 | D:8      | HP: 1/104 [worker ant (5)]
  6153 | D:8      | Mangled by Grum

Skill      XL: |  1  2  3  4  5  6  7  8  9 10 |
---------------+-------------------------------+-----
Fighting       | 3 4 5 6 7 8 |  8.3
Dodging        | 3 4 5 6 7 8 |  8.1
Unarmed Combat | 4 5 6 7 9 |  9.8

Action                   |  1- 3 |  4- 6 |  7- 9 | 10-12 || total
-------------------------+-------+-------+-------+-------++-------
Melee: Unarmed           |    67 |   126 |   314 |    77 ||   584
       Punch             |     1 |       |    10 |     3 ||    14
Invok: Berserk           |     1 |     2 |     2 |     2 ||     7
       Trog's Hand       |       |     3 |     5 |     3 ||    11
  Use: Scroll            |       |     2 |     5 |       ||     7
       Potion            |       |       |       |     2 ||     2
  Eat: Chunk             |    13 |    20 |    33 |     5 ||    71
Armor: Animal skin       |    27 |    33 |    55 |    14 ||   129
Dodge: Dodged            |    28 |    51 |   125 |    43 ||   247
Block: Other             |       |       |    42 |    10 ||    52
